 Dungeon Crawl Stone Soup version 0.30.0 (webtiles) character file.

Game seed: 12449673024390358998

100723 Rogue the Unseen (level 15, -1/79 HPs)
             Began as a Spriggan Brigand on Aug 26, 2023.
             Was a High Priest of Okawaru.
             Killed from afar by a deep elf knight (44 damage)
             ... with a shard of ice
             ... on level 1 of the Elven Halls on Aug 29, 2023.
             The game lasted 05:04:07 (32160 turns).

Rogue the Unseen (Spriggan Brigand)                Turns: 32160, Time: 05:04:07

Health: -1/79      AC: 16    Str: 10    XL:     15   Next: 81%
Magic:  33/38      EV: 20    Int: 22    God:    Okawaru [*****.]
Gold:   625        SH:  5    Dex: 21    Spells: 26/32 levels left

rFire   + . .        M - +6 lajatang (vamp)
rCold   . . .        (shield currently unavailable)
rNeg    . . .        c - +0 swamp dragon scales
rPois   +            Y - +4 hat of Epyluot {rF+ Str+3}
rElec   .            r - +2 cloak {Stlth+}
rCorr   .            (gloves unavailable)
SInv    +            (boots unavailable)
Will    ++...        W - amulet of reflection
Stlth   +++++++      l - +6 ring of intelligence
HPRegen 0.33/turn    B - ring of magical power
MPRegen 0.26/turn

%: reflection
@: studying Polearms, very quick
A: very small, no large weapons, unfitting armour, see invisible, speed 3
a: Renounce Religion, Heroism, Finesse, Duel


You were on level 1 of the Elven Halls.
You worshipped Okawaru.
Okawaru was extremely pleased with you.
You visited 5 branches of the dungeon, and saw 24 of its levels.
You also visited: Ossuary and Ice Cave.

You collected 3319 gold pieces.
You spent 2694 gold pieces at shops.

Inventory:

Hand Weapons
 b - the +5 rapier of Propriety {flame, rElec Str+4 Int+2}
   (Okawaru gifted it to you in an ice cave)

   Str:       It affects your strength (+4).
   Int:       It affects your intelligence (+2).
   rElec:     It insulates you from electricity.
 m - a +4 spectral lajatang
 K - the +4 sling "Xoloyh" {heavy, MP+9}
   (You took it off a skeletal warrior on level 13 of the Dungeon)

   MP:        It affects your magic capacity (+9).
 M - a +6 vampiric lajatang (weapon)
Missiles
 d - 4 poisoned darts
 E - an atropa-tipped dart (quivered)
 G - 10 boomerangs
 S - a curare-tipped dart
Armour
 c - +0 swamp dragon scales (worn)
 r - a +2 cloak of stealth (worn)
 J - a scarf of resistance
 O - the +1 robe of the Grue {rF+ Dex-3 Archmagi}
   (You found it on level 8 of the Dungeon)

   Dex:       It affects your dexterity (-3).
   rF:        It protects you from fire.
   Archmagi:  It increases the power of your magical spells.
 U - the +0 robe of Bufuf {+Inv rElec Will+ Dex+3}
   (Okawaru gifted it to you on level 5 of the Lair of Beasts)

   Dex:       It affects your dexterity (+3).
   rElec:     It insulates you from electricity.
   +Inv:      It lets you turn invisible.
   Will:      It increases your willpower.
 V - the +0 robe "Feitin" {rN+ Will+ Int-2 Archmagi}
   (Okawaru gifted it to you on level 11 of the Dungeon)

   Int:       It affects your intelligence (-2).
   rN:        It protects you from negative energy.
   Archmagi:  It increases the power of your magical spells.
   Will:      It increases your willpower.
 Y - the +4 hat of Epyluot (worn) {rF+ Str+3}
   (Okawaru gifted it to you on level 2 of the Lair of Beasts)

   Str:       It affects your strength (+3).
   rF:        It protects you from fire.
 Z - a +1 robe of resistance
Jewellery
 f - a ring of protection from fire
 l - a +6 ring of intelligence (left hand)
 A - a ring of protection from fire
 B - a ring of magical power (right hand)
 H - a ring of resist corrosion
 W - an amulet of reflection (around neck)
 X - a ring of positive energy
Wands
 i - a wand of flame (73)
 R - a wand of digging (7)
Scrolls
 k - 4 scrolls of silence
 s - 3 scrolls of torment
 v - 3 scrolls of blinking
 w - 8 scrolls of teleportation
 y - 6 scrolls of immolation
 C - 6 scrolls of vulnerability
 I - 4 scrolls of magic mapping
 P - 2 scrolls of fog
Potions
 g - 2 potions of resistance
 j - 3 potions of heal wounds
 o - a potion of invisibility
 p - 2 potions of cancellation
 q - 5 potions of flight
 t - 4 potions of brilliance
 u - 9 potions of lignification
 x - 6 potions of ambrosia
 z - 13 potions of curing
 D - 6 potions of attraction
 F - 3 potions of might
 L - 4 potions of haste
Miscellaneous
 a - a piece from Xom's chessboard (2/15)
 e - a tin of tremorstones (1/2)
 n - a phial of floods
 Q - a lightning rod (1/4)


   Skills:
 * Level 9.0 Fighting
 + Level 6.8 Short Blades
 + Level 4.6 Staves
 * Level 2.6 Ranged Weapons
 + Level 7.1 Throwing
 + Level 7.1 Armour
 + Level 7.1 Dodging
 - Level 16.4 Stealth
 + Level 0.2 Shields
 + Level 9.0 Spellcasting
 + Level 11.2 Hexes
 * Level 9.3 Necromancy
 + Level 4.9 Ice Magic
 * Level 9.4 Invocations
 + Level 7.7 Evocations


You had 26 spell levels left.
You knew the following spells:

 Your Spells              Type           Power      Damage    Failure   Level
a - Ensorcelled Hibernat  Hex/Ice        90%        N/A       1%          2
b - Anguish               Hex/Necr       26%        N/A       2%          4

Your spell library contained the following spells:

 Spells                   Type           Power      Damage    Failure   Level
 Frozen Ramparts          Ice            62%        1d10      5%          3
 Ozocubu's Armour         Ice            31%        N/A       5%          3
 Cigotuvi's Dreadful Rot  Necr/Pois/Air  46%        N/A       6%          2
 Apportation              Tloc           18%        N/A       14%         1
 Beastly Appendage        Tmut           18%        N/A       14%         1
 Magic Dart               Conj           36%        1d4       14%         1
 Shock                    Conj/Air       36%        1d5       14%         1
 Fulminant Prism          Conj/Hex       17%        3d11      14%         4
 Lesser Beckoning         Tloc           18%        N/A       22%         2
 Searing Ray              Conj           18%        2d5       22%         2
 Static Discharge         Conj/Air       18%        2-3/arc   22%         2
 Wereblood                Tmut           9%         N/A       22%         2
 Gell's Gravitas          Tloc           9%         N/A       41%         3
 Ignite Poison            Fire/Tmut/Pois 9%         N/A       41%         3
 Spider Form              Tmut/Pois      9%         N/A       41%         3
 Swiftness                Air            9%         N/A       41%         3
 Teleport Other           Tloc           9%         N/A       41%         3
 Ice Form                 Ice/Tmut       20%        N/A       45%         4
 Airstrike                Air            4%         2d(1-17)  82%         4
 Freezing Cloud           Conj/Ice/Air   8%         6-21      90%         5
 Alistair's Intoxication  Tmut/Pois      6%         N/A       99%         5
 Iskenderun's Battlesphe  Conj           9%         2d6       99%         5
 Iron Shot                Conj/Erth      4%         9d2       100%        6
 Ozocubu's Refrigeration  Ice            15%        4d10      100%        7
 Summon Ice Beast         Ice/Summ       Unusable   N/A       N/A         4
 Summon Lightning Spire   Summ/Air       Unusable   N/A       N/A         4
 Spellforged Servitor     Conj/Summ      Unusable   N/A       N/A         7

Dungeon Overview and Level Annotations

Branches:
Dungeon (15/15)            Temple (1/1) D:6            Lair (5/5) D:11
 Shoals (0/4) Lair:2       Spider (0/4) Lair:3        Slime (0/5) Lair:4
    Orc (2/2) D:9             Elf (1/3) Orc:2        Vaults (0/5) D:13
 Depths (0/4) D:15        Ossuary (visited)           IceCv (visited)

Altars:
Ashenzari
Cheibriados
Dithmenos
Elyvilon
Fedhas
Gozag
Hepliaklqana
Kikubaaqudgha
Makhleb
Nemelex Xobeh
Okawaru
Qazlal
Ru
Sif Muna
Trog
Uskayaw
Vehumet
Wu Jian
Xom
Yredelemnul
Zin
The Shining One
Jiyva
Lugonu

Shops:
D:1 =   D:9 [   D:14 [   Orc:1 (   Orc:2 !*!!

Portals:
Abyss: D:6 Lair:2

Annotations:
Orc:1 6 transporters


Innate Abilities, Weirdness & Mutations

You are very small and have problems with some larger weapons.
You are too small for most types of armour.
You have supernaturally acute eyesight. (SInv)
You cover ground extremely quickly. (Speed+++)


Message History

The deep elf knight hits you with a +0 long sword!
The deep elf knight is wracked by anguish!
You hit the deep elf knight.
You feel better.
The deep elf knight is heavily wounded.
The deep elf knight completely misses you.
The deep elf knight blocks your attack.
The deep elf knight is heavily wounded.
The deep elf knight hits you with a +0 long sword.
The deep elf knight is wracked by anguish.
You miss the deep elf knight.
The deep elf knight is heavily wounded.
The deep elf knight hits you with a +0 long sword.
The deep elf knight is wracked by anguish.
You hit the deep elf knight.
You feel better.
The deep elf knight is severely wounded.
The deep elf knight gestures at you while chanting.
The shard of ice misses you. The deep elf knight blocks your attack.
The deep elf knight is severely wounded.
The deep elf knight mumbles some strange words.
The deep elf knight seems to speed up.
You barely miss the deep elf knight.
The deep elf knight is severely wounded.
You block the deep elf knight's attack.
The deep elf knight gestures at you while chanting.
The lance of force hits you.
You are knocked back by the lance of force.
You slam into the rock wall!
The deep elf knight is wracked by anguish.
You closely miss the deep elf knight.
The deep elf knight is severely wounded.
The deep elf knight hits you with a +0 long sword.
The deep elf knight is wracked by anguish.
You block the deep elf knight's attack.
You closely miss the deep elf knight.
The deep elf knight is almost dead.
The deep elf knight gestures at you while chanting.
The shard of ice hits you!!!
Ouch! That really hurt!
You die...

### ##..##
#....###########
#.....))..)[)).##
##.e@##########)##
. ####<## ##.##
##.## ##.##
.......#.## ##.##
........#.## ##.#
........##.## ##e
........ ##.## ##
........ ##.## #
........ ##.##


You could see a deep elf knight (fast, invisible, anguished).

Vanquished Creatures
  Kirke (D:13)
  The ghost of TobyRickard the Peltast, a journeyman MiBe of Trog (Orc:2)
  An ettin (D:15)
  A fire dragon (Lair:5)
  A rakshasa (D:14)
  5 hydras
  Erica (Orc:1)
  2 ironbound frosthearts (IceCv)
  2 catoblepae
  2 tengu warriors
  2 centaur warriors
  An anaconda (shapeshifter) (Orc:2)
  7 boulder beetles
  5 death yaks (IceCv)
  2 two-headed ogres
  A hell knight (D:15)
  A deep elf knight (Elf:1)
  A skyshark (Lair:5)
  5 skeletal warriors
  A swamp dragon (Lair:5)
  2 deep trolls (D:15)
  A deep elf archer (D:13)
  A wizard (D:15)
  12 deep elf pyromancers
  3 orc knights
  The ghost of Weevilburger the Covered, a novice HuFi (D:6)
  A deep elf zephyrmancer (Elf:1)
  7 orc sorcerers
  3 cyclopes
  19 ugly things
  A manticore (D:12)
  5 black mambas
  10 elephants
  2 merfolk sirens (Lair:2)
  An ice statue (IceCv)
  2 gargoyles
  A torpor snail (Lair:4)
  9 cane toads
  6 rime drakes
  A kobold demonologist (D:10)
  3 centaur skeletons (D:13)
  6 komodo dragons
  An unseen horror (D:13)
  4 yaktaurs
  An ancient zyme (D:6)
  A tengu conjurer (D:14)
  7 trolls
  A yaktaur (shapeshifter) (D:13)
  12 polar bears
  A tarantella (Lair:3)
  Grinder (D:4)
  A hornet (D:8)
  16 blink frogs
  The ghost of BigFatTexta the Covered, an amateur GrFi (D:4)
  21 slime creatures
  12 dream sheep
  3 shadows
  A spriggan (Lair:5)
  A vampire (D:10)
  7 wyverns
  53 yaks
  4 hogs (D:13)
  2 wraiths
  4 basilisks
  A fire elemental (D:14)
  3 humans (D:13)
  9 vampire mosquitoes
  6 steam dragons
  3 redbacks (Lair:3)
  7 wargs
  6 water moccasins
  2 acid dragons
  14 orc warriors
  6 black bears
  A sky beast (D:6)
  3 boggarts
  19 wolves
  8 ogres
  A phantom (D:5)
  6 centaurs
  3 elf zombies
  4 kobold brigands
  6 bullfrogs
  2 scorpions
  9 wights
  5 electric eels
  2 howler monkeys
  5 crimson imps
  A hound (D:6)
  5 jellies
  7 orc priests
  Crazy Yiuf (D:2)
  An iron imp (D:6)
  Terence (D:3)
  3 human skeletons (D:8)
  4 iguanas
  45 orc wizards
  Ijyb (D:5)
  A sleepcap (D:5)
  3 mummies (Ossuary)
  11 adders
  2 shadow imps (D:8)
  An ufetubus (D:4)
  An adder zombie (Ossuary)
  2 worms (D:2)
  5 dart slugs
  73 orcs
  6 ball pythons
  6 endoplasms
  4 giant cockroaches
  A gnoll zombie (Ossuary)
  10 goblins
  7 hobgoblins
  6 jackals (D:1)
  20 kobolds
  7 quokkas
  6 bats
  5 frilled lizards
  3 hobgoblin zombies (Ossuary)
  4 kobold zombies (Ossuary)
  2 orc skeletons (D:8)
  6 quokka zombies (Ossuary)
  7 rats
  2 rat zombies (Ossuary)
  A lurking horror (Lair:2)
697 creatures vanquished.

Vanquished Creatures (collateral kills)
  4 kobolds (D:4)
4 creatures vanquished.

Vanquished Creatures (others)
  A tengu warrior (D:15)
  A deep elf knight (Elf:1)
  A pharaoh ant (Lair:3)
  An orc knight (D:15)
  2 deep elf pyromancers
  A centaur skeleton (D:13)
  2 polar bears (IceCv)
  A steam dragon (Lair:5)
  A wyvern (Lair:4)
  An orc warrior (Orc:2)
  A wolf (IceCv)
  3 orcs
  25 fungi
  60 plants
  A spectral weapon (D:15)
102 creatures vanquished.

Grand Total: 803 creatures vanquished

Notes
Turn   | Place    | Note
-------+----------+-------------------------------------------
     0 | D:1      | Rogue the Spriggan Brigand began the quest for the Orb.
     0 | D:1      | Reached XP level 1. HP: 10/10 MP: 2/2
    93 | D:1      | Reached skill level 6 in Stealth
   113 | D:1      | Reached XP level 2. HP: 14/14 MP: 3/3
   252 | D:1      | Found a faded altar of an unknown god.
   444 | D:1      | Found Haget's Jewellery Boutique.
   772 | D:2      | Reached XP level 3. HP: 18/18 MP: 4/4
   989 | D:2      | Found a runed translucent door.
   990 | D:2      | Noticed Crazy Yiuf
  1068 | D:2      | Reached skill level 1 in Armour
  1113 | D:2      | Reached XP level 4. HP: 23/23 MP: 5/5
  1309 | D:2      | Reached skill level 7 in Stealth
  1312 | D:2      | Learned a level 2 spell: Ensorcelled Hibernation
  1623 | D:2      | Identified the +4 mace of Saenistapp {elec, Str+4}
  1844 | D:2      | Killed Crazy Yiuf
  1845 | D:2      | Reached XP level 5. HP: 26/26 MP: 6/6
  2050 | D:3      | Noticed Terence
  2065 | D:3      | Killed Terence
  2066 | D:3      | Reached skill level 1 in Hexes
  2864 | D:4      | Reached XP level 6. HP: 31/31 MP: 7/7
  2982 | D:4      | Found a shimmering altar of Xom.
  3148 | D:4      | Found a runed translucent gate.
  3157 | D:4      | Found a runed translucent gate.
  3157 | D:4      | Found a runed translucent gate.
  3157 | D:4      | Noticed BigFatTexta's ghost (amateur GrFi)
  3190 | D:4      | Reached skill level 8 in Stealth
  3319 | D:4      | Noticed Grinder
  3321 | D:4      | Killed Grinder
  3322 | D:4      | Reached XP level 7. HP: 35/35 MP: 8/8
  4076 | D:5      | Entered Level 5 of the Dungeon
  4087 | D:5      | Noticed Ijyb
  4322 | D:5      | Killed Ijyb
  4413 | D:5      | Found a hide-covered altar of Uskayaw.
  4420 | D:5      | Reached XP level 8. HP: 40/40 MP: 9/9
  4528 | D:5      | Reached skill level 9 in Stealth
  4889 | D:5      | Reached skill level 1 in Spellcasting
  5055 | D:6      | Found a staircase to the Ecumenical Temple.
  5060 | Temple   | Entered the Ecumenical Temple
  5067 | Temple   | Became a worshipper of Warmaster Okawaru
  5073 | Temple   | Learned a level 4 spell: Anguish
  5398 | D:6      | Noticed an ancient zyme
  5400 | D:6      | Found a transporter.
  5418 | D:6      | Found a one-way gate to the infinite horrors of the Abyss.
  5418 | D:6      | Noticed Weevilburger's ghost (novice HuFi)
  5446 | D:6      | Found a transporter.
  5910 | D:6      | Reached skill level 1 in Invocations
  5990 | D:6      | Found an ancient bone altar of Kikubaaqudgha.
  6064 | D:7      | Found a transporter.
  6180 | D:7      | Found a transporter.
  6449 | D:7      | Reached skill level 10 in Stealth
  6488 | D:7      | Reached skill level 1 in Necromancy
  6503 | D:7      | Reached XP level 9. HP: 45/45 MP: 12/12
  6515 | D:7      | Reached * piety under Okawaru
  6619 | D:7      | Reached skill level 1 in Ice Magic
  6935 | D:8      | Found a stormy altar of Qazlal.
  6979 | D:8      | Found a sand-covered staircase.
  6984 | Ossuary  | Entered an ossuary
  7657 | D:8      | Identified the +1 robe of the Grue {rF+ Dex-3 Archmagi}
  7812 | D:8      | Reached skill level 11 in Stealth
  7995 | D:8      | Reached skill level 5 in Hexes
  9003 | D:9      | Found a staircase to the Orcish Mines.
  9043 | D:9      | Found Noss's Antique Armour Shoppe.
  9102 | D:9      | Found a glowing golden altar of the Shining One.
  9108 | D:9      | Found a shadowy altar of Dithmenos.
  9150 | D:9      | Reached ** piety under Okawaru
  9572 | D:9      | Noticed a green ugly thing
  9590 | D:9      | Killed a green ugly thing
  9591 | D:9      | Reached XP level 10. HP: 46/51 MP: 15/15
  9634 | D:9      | Reached *** piety under Okawaru
  9873 | D:10     | Entered Level 10 of the Dungeon
  9927 | D:10     | Reached skill level 5 in Short Blades
  9927 | D:10     | Received a gift from Okawaru
  9928 | D:10     | Reached skill level 5 in Throwing
 10069 | D:10     | Reached skill level 12 in Stealth
 10078 | D:10     | Found a shimmering blue altar of Sif Muna.
 10441 | D:10     | Noticed a rust devil
 10442 | D:10     | Reached skill level 5 in Fighting
 10757 | D:11     | Found a staircase to the Lair.
 10813 | D:11     | Reached **** piety under Okawaru
 11054 | D:11     | Noticed a gargoyle
 11056 | D:11     | Killed a gargoyle
 11102 | D:11     | Noticed a boulder beetle
 11115 | D:11     | Killed a boulder beetle
 11115 | D:11     | Received a gift from Okawaru
 11116 | D:11     | Reached skill level 5 in Dodging
 11219 | D:11     | Received a gift from Okawaru
 11219 | D:11     | Reached ***** piety under Okawaru
 11220 | D:11     | Reached XP level 11. HP: 56/56 MP: 17/17
 11294 | D:11     | Noticed a boulder beetle
 11312 | D:11     | Killed a boulder beetle
 11353 | D:11     | Identified the +0 ring mail of the Evening {Regen+ Int+4
                  | Dex+3 Stlth+}
 11409 | D:11     | Noticed a two-headed ogre
 11413 | D:11     | Killed a two-headed ogre
 11523 | D:11     | Identified the +0 robe "Feitin" {rN+ Will+ Int-2 Archmagi}
                  | (Okawaru gifted it to you on level 11 of the Dungeon)
 11523 | D:11     | Received a gift from Okawaru
 11959 | Lair:1   | Entered Level 1 of the Lair of Beasts
 12013 | Lair:1   | Reached skill level 5 in Invocations
 12208 | Lair:1   | Reached skill level 13 in Stealth
 13016 | Lair:2   | Reached skill level 5 in Necromancy
 13084 | Lair:2   | Noticed a boulder beetle
 13105 | Lair:2   | Reached XP level 12. HP: 60/60 MP: 20/20
 13115 | Lair:2   | Killed a boulder beetle
 13115 | Lair:2   | Identified the +4 hat of Epyluot {rF+ Str+3} (Okawaru
                  | gifted it to you on level 2 of the Lair of Beasts)
 13115 | Lair:2   | Received a gift from Okawaru
 13116 | Lair:2   | Reached skill level 5 in Armour
 13220 | Lair:2   | Reached skill level 14 in Stealth
 13455 | Lair:2   | Found a corrupted altar of Lugonu.
 13474 | Lair:2   | Reached skill level 5 in Spellcasting
 13754 | Lair:2   | Noticed a catoblepas
 13756 | Lair:2   | Killed a catoblepas
 13795 | Lair:2   | Noticed a six-headed hydra
 13904 | Lair:2   | Killed a six-headed hydra
 14054 | Lair:2   | Found a staircase to the Shoals.
 14202 | Lair:2   | Found the +9 sword of Power {lifebolt}
 14203 | Lair:2   | Identified the staff of cold "Lushecagg" {Fragile rC+ rCorr
                  | Str+3 Dex+8}
 14485 | Lair:3   | Noticed a seven-headed hydra
 14850 | Lair:3   | Killed a seven-headed hydra
 14867 | Lair:3   | Found a hole to the Spider Nest.
 15336 | Lair:3   | Found an ornate altar of the Wu Jian Council.
 15369 | Lair:3   | Reached skill level 15 in Stealth
 15974 | Lair:4   | Noticed a four-headed hydra
 16012 | Lair:4   | Killed a four-headed hydra
 16089 | Lair:4   | Reached XP level 13. HP: 65/65 MP: 23/23
 16090 | Lair:4   | Received a gift from Okawaru
 16090 | Lair:4   | Reached ****** piety under Okawaru
 16298 | Lair:4   | Found a staircase to the Slime Pits.
 16298 | Lair:4   | Found a viscous altar of Jiyva.
 16607 | Lair:4   | Received a gift from Okawaru
 16608 | Lair:4   | Reached skill level 5 in Evocations
 17297 | Lair:5   | Entered Level 5 of the Lair of Beasts
 17794 | Lair:5   | Reached skill level 10 in Hexes
 18695 | Lair:5   | Noticed a fire dragon
 18704 | Lair:5   | Killed a fire dragon
 18882 | Lair:5   | Identified the +0 robe of Bufuf {+Inv rElec Will+ Dex+3}
                  | (Okawaru gifted it to you on level 5 of the Lair of Beasts)
 18882 | Lair:5   | Received a gift from Okawaru
 19116 | Lair:5   | Reached skill level 16 in Stealth
 19580 | D:6      | Killed Weevilburger's ghost
 19854 | D:4      | Killed BigFatTexta's ghost
 20052 | Orc:1    | Entered Level 1 of the Orcish Mines
 20837 | Orc:2    | Entered Level 2 of the Orcish Mines
 20884 | Orc:2    | Found a staircase to the Elven Halls.
 20959 | Orc:1    | Found a transporter.
 21082 | Orc:1    | Reached XP level 14. HP: 71/72 MP: 18/26
 21165 | Orc:1    | Found a transporter.
 21165 | Orc:1    | Found a transporter.
 21166 | Orc:1    | Found a sparkling altar of Nemelex Xobeh.
 21166 | Orc:1    | Noticed a juggernaut
 21171 | Orc:1    | Found a transporter.
 21172 | Orc:1    | Found a transporter.
 21175 | Orc:1    | Found a transporter.
 21241 | Orc:1    | Found Yfationy's Weapon Boutique.
 21632 | Orc:2    | Found a runed translucent door.
 21642 | Orc:2    | Noticed TobyRickard's ghost (journeyman MiBe)
 21876 | Orc:1    | Noticed Erica
 21935 | Orc:1    | Killed Erica
 22483 | Orc:2    | Reached skill level 1 in Staves
 22496 | Orc:2    | Found Yjig's Assorted Antiques.
 22496 | Orc:2    | Found Xorack's Distillery.
 23055 | Orc:2    | Found Atogosan's Distillery.
 23055 | Orc:2    | Found Pylaup's Distillery.
 23276 | Orc:1    | Bought a +1 vampiric lajatang for 832 gold pieces
 23325 | Orc:2    | Bought a potion of heal wounds for 55 gold pieces
 23357 | Orc:2    | Bought a potion of curing for 39 gold pieces
 23357 | Orc:2    | Bought a potion of haste for 130 gold pieces
 23357 | Orc:2    | Bought a potion of might for 52 gold pieces
 23389 | Orc:2    | Bought a potion of ambrosia for 88 gold pieces
 23389 | Orc:2    | Bought 2 potions of resistance for 220 gold pieces
 23420 | Orc:2    | Bought a potion of curing for 48 gold pieces
 23420 | Orc:2    | Bought a potion of ambrosia for 128 gold pieces
 23450 | Orc:2    | Bought a scroll of enchant weapon for 232 gold pieces
 23450 | Orc:2    | Bought a scroll of enchant weapon for 232 gold pieces
 23450 | Orc:2    | Bought 2 scrolls of vulnerability for 248 gold pieces
 23894 | D:12     | Found a frozen archway.
 23907 | IceCv    | Entered an ice cave
 24058 | IceCv    | Received a gift from Okawaru
 25076 | IceCv    | Identified the +5 rapier of Propriety {flame, rElec Str+4
                  | Int+2} (Okawaru gifted it to you in an ice cave)
 25076 | IceCv    | Received a gift from Okawaru
 25102 | IceCv    | Identified the +1 robe of the Realm of Zot {rElec Will+}
 26134 | D:13     | Noticed Kirke
 26255 | D:13     | Killed Kirke
 26255 | D:13     | Received a gift from Okawaru
 26458 | D:13     | Identified the +4 sling "Xoloyh" {heavy, MP+9}
 26710 | D:13     | Found a gate to the Vaults.
 26738 | D:13     | Reached XP level 15. HP: 77/77 MP: 28/28
 27579 | D:13     | Identified the +0 leather armour of Altruism {*Slow rF+++
                  | rN++ Stlth+}
 28043 | D:14     | Found Sohy's Antique Armour Emporium.
 28187 | D:14     | Found an iron altar of Okawaru.
 28922 | D:14     | Reached skill level 1 in Ranged Weapons
 29533 | D:14     | Received a gift from Okawaru
 29802 | D:14     | Found a hide-covered altar of Uskayaw.
 29916 | D:15     | Entered Level 15 of the Dungeon
 30122 | D:15     | Received a gift from Okawaru
 30441 | D:15     | Found a staircase to the Depths.
 30867 | D:15     | Found a radiant altar of Vehumet.
 31338 | D:1      | Bought an amulet of reflection for 390 gold pieces
 31556 | Orc:2    | Killed TobyRickard's ghost
 31791 | Elf:1    | Entered Level 1 of the Elven Halls
 32160 | Elf:1    | Killed from afar by a deep elf knight

Illustrated notes

Levels and vault maps discovered:
D:1:      dpeg_arrival_refuge, layout_loops_ring, serial_shops,
          nicolae_shop_hallway_stairs, chequers_ecumenical_altar_grove
D:2:      minmay_razor_zed, layout_loops_ring, uniq_crazy_yiuf_cottage
D:3:      layout_basic, nicolae_eternal_life, uniq_terence
D:4:      layout_loops_ring, led_xom_imps, gammafunk_ghost_nasty_kobolds,
          hex_tiny, uniq_grinder
D:5:      layout_rooms, mainiacjoe_overflow_paths, st_stairs_11,
          roderic_lattice_a, uniq_ijyb
D:6:      layout_loops_corners, marbit_many_paths,
          minmay_temple_entry_drinking_statues, gammafunk_ghost_abyssal_escape,
          grunt_ministairs_10, grunt_decor_clamped
D:7:      gammafunk_steamed_eel, layout_basic
D:8:      layout_basic, amcnicky_altar_gilded, serial_corexii_hall,
          corexii_hall_statues_l, chequers_hall_statues_corner_a,
          chequers_hall_statues_corner_a, chequers_hall_statues_corner_a,
          nicolae_ossuary_entry_catacombs
D:9:      layout_basic, grunt_temple_overflow_open, serial_shops, shop,
          hellmonk_bongcloud_opening, serial_bayou_crossing
D:10:     layout_small_grid, mainiacjoe_overflow_surrounded_room
D:11:     layout_loops_ring, david_lair_generic
D:12:     layout_roguey, portal_ice_cave_entry_pillars_2
D:13:     layout_cave_pools, hangedman_vaults_entry_quadrant_bands, uniq_kirke
D:14:     layout_small_grid, serial_shops, nicolae_shop_tiny_waterfront,
          okawaru_trees_1, nicolae_uskayaw_suspiria
D:15:     hangedman_depths_entry_civil_slaughter, layout_grid_maze,
          fiery_altar_vehumet
Temple:   nicolae_temple_no_exploring_needed
Lair:1:   layout_misc_corridors, minmay_hedge_maze
Lair:2:   nzn_winding_woodlands_stair_trap [nzn_winding_woodlands_5x15_garden,
          nzn_winding_woodlands_5x15_pathside_ponds,
          nzn_winding_woodlands_5x15_lazy_stream,
          nzn_winding_woodlands_15x15_eel_pit,
          nzn_winding_woodlands_5x15_river_crossing,
          nzn_winding_woodlands_5x15_concentric,
          nzn_winding_woodlands_5x15_default], layout_regular_city,
          elwin_shoals_entry_rooms, minivault_24,
          amcnicky_altar_lugonu_corruption
Lair:3:   layout_concentric_octagons, nicolae_spider_entry_lesser_pyramids,
          basic_altar, grunt_megastairs_4
Lair:4:   layout_roguey, nicolae_slime_entry_slimehenge,
          infiniplex_staircase_pool, serial_bayou_shore_a, grunt_megastairs_1,
          serial_bayou_shore_b, lemuel_fruit_tree
Lair:5:   guppyfry_lair_end_dragon, layout_hall_layers,
          grunt_forest_large_clearing_hut, grunt_megastairs_3
Orc:1:    layout_diamond_mine, serial_shops, shop_statue, hellmonk_jugg_or_not,
          uniq_erica
Orc:2:    st_orc_town, layout_caves, ebering_ghost_inner_flame,
          nicolae_orc_damp_corner
Elf:1:    layout_rooms, minivault_28, drop_trap, item_on_display_a,
          minmay_shop_grove

Skill      XL: |  1  2  3  4  5  6  7  8  9 10 11 12 13 14 15 |
---------------+----------------------------------------------+-----
Stealth        | 6 7 8 10 11 12 13 15 16 | 16.4
Dodging        | 2 3 4 5 6 7 |  7.1
Fighting       | 2 3 4 5 6 7 8 9 |  9.0
Armour         | 1 2 3 4 5 6 7 |  7.1
Short Blades   | 3 4 5 6 |  6.8
Hexes          | 1 2 4 5 6 8 9 10 11 | 11.2
Throwing       | 3 4 5 6 7 |  7.1
Evocations     | 2 3 4 5 7 |  7.7
Spellcasting   | 1 3 4 6 7 8 9 |  9.0
Invocations    | 1 3 4 5 6 7 8 9 |  9.4
Necromancy     | 1 2 3 5 6 7 8 9 |  9.3
Ice Magic      | 1 2 3 4 |  4.9
Staves         | 3 4 |  4.6
Ranged Weapons | 2 |  2.6
Shields        | |  0.2

Action                     |  1- 3 |  4- 6 |  7- 9 | 10-12 | 13-15 || total
---------------------------+-------+-------+-------+-------+-------++-------
  Melee: Dagger            |   104 |   129 |   330 |   224 |   546 ||  1333
         Punch             |     1 |       |     3 |     3 |    14 ||    21
         Quarterstaff      |       |       |    48 |       |   126 ||   174
         Mace              |       |       |     3 |       |       ||     3
         Lajatang          |       |       |       |       |   540 ||   540
         Rapier            |       |       |       |       |    97 ||    97
   Fire: Sling             |       |       |       |       |    44 ||    44
  Throw: Dart              |    13 |    35 |    58 |    72 |   123 ||   301
         Boomerang         |       |       |    87 |    21 |    52 ||   160
   Cast: Ensorcelled Hiber |       |       |    46 |   108 |   228 ||   382
         Anguish           |       |       |       |     6 |   118 ||   124
 Invoke: Heroism           |       |       |     1 |       |    18 ||    19
         Finesse           |       |       |       |       |     5 ||     5
  Evoke: Wand              |       |       |    29 |    25 |    23 ||    77
         Piece from Xom's  |       |       |     2 |    33 |    43 ||    78
         Tin of tremorston |       |       |       |     3 |     5 ||     8
         Lightning rod     |       |       |       |       |    14 ||    14
         Phial of floods   |       |       |       |       |     1 ||     1
    Use: Scroll            |       |     6 |    12 |     9 |    17 ||    44
         Potion            |       |       |     2 |       |     7 ||     9
   Stab: Sleeping          |     5 |    24 |    31 |    83 |   166 ||   309
         Distracted        |       |       |     2 |       |     2 ||     4
         Petrified         |       |       |     1 |     2 |     1 ||     4
         Petrifying        |       |       |     1 |     1 |     4 ||     6
         Confused          |       |       |       |     2 |     7 ||     9
         Invisible         |       |       |       |     2 |     7 ||     9
         Paralysed         |       |       |       |     1 |     4 ||     5
 Armour: Robe              |    15 |    10 |    21 |       |       ||    46
         Steam dragon scal |       |       |    21 |    25 |       ||    46
         Troll leather arm |       |       |       |    19 |   383 ||   402
         Skin              |       |       |       |     1 |       ||     1
         Swamp dragon scal |       |       |       |       |    88 ||    88
  Dodge: Dodged            |    64 |    74 |   257 |   161 |  1427 ||  1983
  Block: Other             |       |       |       |       |    10 ||    10
